Map: Rifts to Korhal

Players

NamroodTuo

  • Race: Terran Terran

McMuff

  • Race: Protoss Protoss
  • Spawn Location: 7:00

VOD

Have the link to the VOD?

Description

Time

  • Played on: June 9, 2023, 2:03 a.m.
  • Length: 20:09
Show
View Real Time Build Order
Export as new Build Order

NamroodTuo Terran 

Build Orders:  

Get SALT Encoding   

  12  0:08  SCV  
  13  0:25  SCV  
  14  0:30  Refinery  
  14  0:41  SCV  
  14  0:46  Refinery  
  15  0:58  SCV  
  16  1:15  SCV  
  17  1:28  Engineering Bay  
  17  1:32  SCV  
  17  1:34  Engineering Bay  
  18  1:49  SCV  
  19  2:06  SCV  
  20  2:23  SCV  
  21  2:40  SCV  
  22  3:01  Tychus  
  22  3:08  SCV  
  23  3:25  SCV  
  24  3:37  Outlaw Weapons Level 1  
  24  3:39  Command Center  
  24  3:42  SCV  
  24  3:44  Outlaw Life and Armor Level 1  
  25  3:59  SCV  
  26  4:01  Gunslingers Hideout  
  26  4:20  SCV  
  27  4:37  SCV  
  28  4:55  SCV  
  29  5:02  James Sirius Sykes  
  39  6:31  SCV  
  39  6:36  Medivac Platform  
  40  6:40  Medivac Platform  
  40  6:48  SCV, Outlaw Weapons Level 2  
  40  6:49  Muscle Armory  
  41  6:51  Outlaw Life and Armor Level 2  
  41  7:23  Refinery  
  41  7:28  SCV  
  41  7:29  Command Center  
  42  7:34  SCV  
  43  7:44  SCV  
  44  7:51  SCV  
  45  8:01  SCV  
  45  8:08  SCV  
  47  8:18  SCV  
  48  8:21  Refinery  
  48  8:25  SCV  
  49  8:35  SCV  
  50  9:08  Endurance Supplements  
  50  9:10  ITC-E Triggers  
  50  9:36  Kev Rattlesnake West  
  60  9:55  Fixers Safehouse  
  60  10:38  Outlaw Weapons Level 3  
  60  10:40  Outlaw Life and Armor Level 3  
  60  10:57  Vega  
  70  12:25  Rob Cannonball Boswell  
  80  13:18  Flashforce GDM Visor  
  80  13:20  Big Red Button  
  80  13:47  SCV  
  81  14:00  Kel-Morian Ripper Rounds  
  81  14:01  SA-55 Thunderbolt Missiles  
  81  14:04  SCV  
  82  14:21  SCV  
  83  14:38  SCV  
  84  14:48  Outlaw Weapons Level 4  
  84  14:50  Outlaw Life and Armor Level 4  
  84  14:55  SCV  
  85  16:13  Moebius M34 Terror Rounds  
  85  16:14  D99 Detonator, KD9a Implosion Core  
  85  16:15  Vanadium Shell  
  85  16:20  Umojan Signal Modulator  
Show
View Real Time Build Order
Export as new Build Order

McMuff Protoss 

Build Orders:  

Get SALT Encoding   

  12  0:06  Probe (Chrono Boost)  
  13  0:17  Probe (Chrono Boost)  
  14  0:29  Probe (Chrono Boost)  
  16  0:40  Probe (Chrono Boost)  
  16  0:46  Gateway  
  17  0:51  Probe (Chrono Boost)  
  17  1:02  Probe (Chrono Boost)  
  17  1:06  Assimilator  
  18  1:13  Probe (Chrono Boost)  
  19  1:22  Assimilator  
  19  1:24  Probe (Chrono Boost)  
  20  1:35  Probe (Chrono Boost)  
  20  1:37  Pylon  
  21  1:46  Probe (Chrono Boost)  
  22  1:53  Zealot  
  22  1:58  Probe (Chrono Boost)  
  26  2:11  Probe (Chrono Boost)  
  26  2:22  Probe (Chrono Boost)  
  26  2:24  Zealot  
  29  2:33  Probe (Chrono Boost)  
  30  2:40  Cybernetics Core  
  30  2:44  Probe (Chrono Boost)  
  31  2:55  Probe (Chrono Boost)  
  31  2:56  Zealot  
  34  3:06  Probe (Chrono Boost)  
  36  3:30  Probe (Chrono Boost)  
  36  3:37  Nexus  
  36  3:41  Probe (Chrono Boost)  
  37  3:52  Probe (Chrono Boost)  
  38  4:04  Probe (Chrono Boost)  
  38  4:08  Twilight Council  
  39  4:15  Probe (Chrono Boost), Stargate  
  40  4:26  Probe (Chrono Boost)  
  41  4:37  Probe (Chrono Boost)  
  42  4:48  Probe (Chrono Boost)  
  43  4:52  Robotics Facility  
  43  4:59  Probe (Chrono Boost)  
  44  5:03  Assimilator  
  44  5:09  Assimilator  
  45  5:10  Probe (Chrono Boost)  
  45  5:21  Probe (Chrono Boost)  
  45  5:27  Probe (Chrono Boost), Charge  
  47  5:33  Probe (Chrono Boost)  
  47  5:38  Probe (Chrono Boost)  
  49  5:44  Probe (Chrono Boost)  
  49  5:49  Probe (Chrono Boost)  
  51  5:56  Whirlwind  
  49  6:08  Zealot x3  
  55  6:25  Probe (Chrono Boost)  
  57  6:31  Probe (Chrono Boost)  
  57  6:35  Observer  
  57  6:36  Probe (Chrono Boost)  
  57  6:37  Immortal  
  63  6:48  Probe x2 (Chrono Boost)  
  66  7:04  Immortal  
  66  7:05  Probe (Chrono Boost)  
  70  7:16  Robotics Bay  
  70  7:19  Pylon  
  70  7:25  Pylon  
  70  7:26  Fleet Beacon  
  70  7:30  Pylon  
  70  7:32  Immortal  
  74  7:46  Forge  
  74  7:52  Forge  
  74  8:04  Zealot  
  74  8:05  Zealot x2  
  74  8:08  Immortal  
  82  8:54  Zealot  
  82  8:55  Zealot  
  84  9:02  Protoss Ground Armor Level 1, Protoss Ground Weapons Level 1  
  78  9:21  Zealot x2  
  76  9:30  Tempest x3  
  86  9:44  Zealot  
  86  10:11  Improved Barrier  
  86  10:31  Zealot  
  86  10:32  Zealot  
  90  10:49  Gateway  
  90  10:54  Gateway  
  90  10:55  Protoss Ground Weapons Level 2  
  90  10:58  Gateway  
  90  10:59  Gateway x2  
  90  11:00  Gateway  
  90  11:01  Gateway x2  
  90  11:05  Protoss Ground Armor Level 2  
  90  11:11  Scarab Housing  
  90  11:15  Tempest  
  90  11:19  Reaver  
  100  11:22  Reaver  
  106  11:47  Observer  
  107  12:11  Solarite Payload  
  107  12:26  Zealot x2  
  107  12:27  Zealot x3  
  107  12:28  Zealot  
  107  12:29  Zealot x2  
  123  12:30  Zealot x3  
  129  12:49  Tempest  
  133  13:26  Tempest  
  133  13:27  Protoss Ground Weapons Level 3  
  137  13:30  Reaver  
  137  13:33  Zealot x2  
  137  13:34  Zealot x3  
  137  13:35  Zealot  
  137  13:37  Protoss Ground Armor Level 3  
  155  13:45  Gravitic Boosters  
  155  14:03  Reaver  
  161  14:21  Zealot x3  
  161  14:22  Zealot  
  161  14:23  Zealot x2  
  161  14:24  Zealot x2  
  177  15:23  Tempest  
  179  15:53  Protoss Air Weapons Level 1  
  179  16:07  Tempest  
  183  16:12  Tempest  
  187  16:36  Protoss Shields Level 1  
  187  16:58  Reaver  
  191  18:05  Reaver  
  197  18:14  Zealot  
  193  19:18  Tempest x2  
  183  19:30  Tempest  
  185  19:42  Reaver  
Tags
 
Commander
ArtanisTychus
Matchup
Co-op
Replay Pack
Multiplayer
Add a new tag
Caveats
  • Supply blocks, unpowered buildings, or Contaminate may cause inaccurate times.
  • Supply counts are checked every 10 seconds.